 Dungeon Crawl Stone Soup version 0.31.0-11-ge490571c62 (webtiles) character file.

Game seed: 13465062166785644176

32 Gadfly the Trooper (level 3, 29/29 HPs)
             Began as a Demonspawn Monk on Jan 27, 2024.
             Quit the game on level 2 of the Dungeon.
             The game lasted 00:01:30 (1385 turns).

Gadfly the Trooper (Demonspawn Monk)                Turns: 1385, Time: 00:01:31

Health: 29/29      AC:  4    Str: 13    XL:     3   Next: 10%
Magic:  3/3        EV: 13    Int: 10    God:
Gold:   13         SH:  0    Dex: 17    Spells: 2/2 levels left

rFire   . . .        b - +1 whip (venom)
rCold   . . .        c - orb {light}
rNeg    . . .        a - +0 robe
rPois   .            k - +1 helmet
rElec   .            (no cloak)
rCorr   +            (no gloves)
SInv    .            (no boots)
Will    .....        (no amulet)
Stlth   +            e - ring of resist corrosion
HPRegen 0.24/turn    (no ring)
MPRegen 0.08/turn

%: no passive effects
@: glowing
A: claws 1, thin skeletal structure 1
a: no special abilities


You were on level 2 of the Dungeon.
You visited 1 branch of the dungeon, and saw 2 of its levels.

You collected 25 gold pieces.
You spent 12 gold pieces at shops.

Inventory:

Hand Weapons
 b - a +1 whip of venom (weapon)
Armour
 a - a +0 robe (worn)
 c - an orb of light (worn)
 k - a +1 helmet (worn)
Jewellery
 e - a ring of resist corrosion (left claw)
 h - a ring of magical power
Scrolls
 d - a scroll of enchant weapon {unknown}
 i - a scroll of identify {unknown}
Potions
 f - a potion of heal wounds {unknown}
 g - a potion of attraction {unknown}
 j - a potion of lignification {unknown}
 l - a potion of ambrosia


   Skills:
 - Level 3.0 Fighting
 + Level 2.8 Dodging
 + Level 2.9 Unarmed Combat
 * Level 1.4 Evocations
 * Level 1.2 Shapeshifting


You had 2 spell levels left.
You didn't know any spells.
Your spell library contained the following spells:

 Spells                   Type           Power      Damage    Failure   Level
 Stone Arrow              Conj/Erth      0%         3d7       75%         3
 Animate Armour           Summ/Erth      0%         N/A       98%         4
 Lehudib's Crystal Spear  Conj/Erth      0%         10d2      100%        8


Dungeon Overview and Level Annotations

Branches:
Dungeon (2/15)

Altars:

Shops:
D:2 !


Innate Abilities, Weirdness & Mutations

You have sharp fingernails.
You have a somewhat thin skeletal structure. (Dex +2, Stealth+)


Message History

No target in view!
No target in view!
No target in view!
No target in view!
Things that are here:
a +0 short sword; 3 stones
Found a ring mail.
An endoplasm comes into view.
The endoplasm quivers.
An endoplasm is nearby!
Found a stone staircase leading up.
The endoplasm barely misses you.
You hit the endoplasm but do no damage.
The endoplasm is poisoned.
The endoplasm freezes you.
You are frozen.
You hit the endoplasm.
You kill the endoplasm!
No target in view!
No target in view!
No target in view!
No target in view!
No target in view!
No target in view!
No target in view!
An adder comes into view.
An adder is nearby!
An adder is nearby!
The adder hisses angrily.
The adder closely misses you.
You hit the adder.
The adder is moderately wounded.
The adder bites you but does no damage.
You whack the adder!
You kill the adder!
You have reached level 3!
Your experience leads to an increase in your attributes!
Increase (S)trength, (I)ntelligence, or (D)exterity?
You feel stronger. x2; Your demonic ancestry asserts itself...
Your bones become slightly less dense.
Are you sure you want to abandon this character and quit the game? (Confirm with "yes".)

#..### .. #..#<# # ...
.#..#.#######.# ....
.....#....... ....
##.#....... ....
#......#.#
....####..##....#####.#
#..............@†....#
#....###.##..##.#......
#....##..#...##......##
##....##.##.####...##.#
#........##.####...# #
#######..##.........
######..............
#...................#
#.[####..##.##.


There were no monsters in sight!

Vanquished Creatures
  An adder (D:2)
  2 ball pythons (D:1)
  3 endoplasms
  3 giant cockroaches (D:1)
  3 goblins (D:1)
  A hobgoblin (D:1)
  3 jackals (D:1)
  A quokka (D:1)
  A bat (D:1)
  A frilled lizard (D:1)
  A kobold (D:2)
20 creatures vanquished.

Notes
Turn   | Place    | Note
-------+----------+-------------------------------------------
     0 | D:1      | Gadfly the Demonspawn Monk began the quest for the Orb.
     0 | D:1      | Reached XP level 1. HP: 18/18 MP: 1/1
     0 | D:1      | Noticed an iron dragon
     0 | D:1      | Noticed a shadow dragon
     1 | D:1      | Noticed an orb of fire
     2 | D:1      | Noticed a purple draconian
     4 | D:1      | Noticed an orb of fire
     4 | D:1      | Noticed an orb of fire
     6 | D:1      | Noticed a shadow dragon
     7 | D:1      | Noticed an orb of fire
     8 | D:1      | Noticed an ice dragon
     9 | D:1      | Noticed an ice dragon
    11 | D:1      | Noticed an ice dragon
    13 | D:1      | Noticed a shadow dragon
    16 | D:1      | Noticed an ice dragon
    16 | D:1      | Noticed a shadow dragon
    16 | D:1      | Noticed an ice dragon
    18 | D:1      | Noticed an ice dragon
    18 | D:1      | Noticed a tentacled monstrosity
    18 | D:1      | Noticed a black draconian
    20 | D:1      | Noticed an orb of fire
    22 | D:1      | Noticed an iron dragon
   173 | D:1      | Gained mutation: You have sharp fingernails. [demonic
                  | ancestry]
   173 | D:1      | Reached XP level 2. HP: 21/24 MP: 2/2
   344 | D:1      | Reached skill level 1 in Evocations
   354 | D:1      | Found a faded altar of an unknown god.
   739 | D:1      | Reached skill level 1 in Shapeshifting
  1308 | D:2      | Found Facot's Distillery.
  1315 | D:2      | Bought a potion of degeneration for 12 gold pieces
  1385 | D:2      | Gained mutation: You have a somewhat thin skeletal
                  | structure. (Dex +2, Stealth+) [demonic ancestry]
  1385 | D:2      | Reached XP level 3. HP: 29/29 MP: 3/3
  1385 | D:2      | Quit the game

Illustrated notes

Levels and vault maps discovered:
D:1:      shiori_arrival_whats_in_store_for_you, layout_basic,
          ebering_ecumenical_altar_abandoned, minmay_box_of_dots
D:2:      layout_basic, serial_shops, shop, kennysheep_generic_room_16,
          uniq_natasha

Skill      XL: |  1  2 |
---------------+-------+-----
Evocations     | 1 |  1.4
Shapeshifting  | 1 |  1.2
Fighting       | |  3.0
Dodging        | |  2.8
Unarmed Combat | |  2.9

Action                     || total
---------------------------++-------
  Melee: Unarmed           ||    38
         Whip              ||     7
 Armour: Robe              ||    22
  Dodge: Dodged            ||    20
